 Dungeon Crawl Stone Soup version 0.22.0-6-g71bd7aa (webtiles) character file.

47 brik the Shield-Bearer (level 3, -1/29 HPs)
             Began as a Formicid Fighter on Aug 15, 2018.
             Slain by Robin
             ... wielding a +0 trident
              (2 damage)
             ... on level 2 of the Dungeon.
             The game lasted 00:01:52 (801 turns).

brik the Shield-Bearer (Formicid Fighter)            Turns: 801, Time: 00:01:53

Health: -1/29      AC:  6    Str: 18 (20) XL:     3   Next: 97%
Magic:  3/3        EV: 13    Int:  5 (7)  God:
Gold:   76         SH:  9    Dex: 13 (16) Spells: 2/2 levels left

rFire    . . .     SeeInvis +   a - +0 long sword
rCold    . . .     Gourm    .   c - +0 shield
rNeg     . . .     Faith    .   b - +0 scale mail
rPois    .         Spirit   .   (helmet unavailable)
rElec    .         Reflect  .   (no cloak)
rCorr    .         Harm     .   (no gloves)
MR       .....                  (no boots)
Stlth    +.........             (no amulet)
HPRegen  0.09/turn              (no ring)
MPRegen  0.08/turn              (no ring)

@: agile
A: permanent stasis, dig shafts and tunnels, four strong arms, antennae 3
a: Dig, Shaft Self


You were on level 2 of the Dungeon.
You were not hungry.

You visited 1 branch of the dungeon, and saw 2 of its levels.

You collected 76 gold pieces.

Inventory:

Hand Weapons
 a - a +0 long sword (weapon)
Armour
 b - a +0 scale mail (worn)
 c - a +0 shield (worn)
Jewellery
 q - an uncursed ring of resist corrosion {unknown}
Scrolls
 g - 2 scrolls of identify {unknown}
 i - a scroll of blinking {unknown}
 j - a scroll of immolation {unknown}
 k - a scroll of amnesia {unknown}
 l - 4 scrolls of remove curse {unknown}
 o - a scroll of magic mapping {unknown}
 p - a scroll of enchant armour {unknown}
Potions
 d - a potion of might
 h - a potion of agility
 m - a potion of curing {unknown}
 n - a potion of lignification {unknown}
Comestibles
 f - 3 rations


   Skills:
 - Level 3.2 Fighting
 + Level 3.1 Long Blades
 - Level 3.2 Armour
 + Level 4.7 Shields


You had 2 spell levels left.
You didn't know any spells.
Your spell library was empty.

Dungeon Overview and Level Annotations

Branches:
Dungeon (2/15)

Altars:

Annotations:
D:2 Robin


Innate Abilities, Weirdness & Mutations

You cannot be hasted, slowed, berserked, paralysed or teleported.
You can dig through walls and to a lower floor.
Your four strong arms can wield two-handed weapons with a shield.
You have a pair of large antennae on your head. (SInv)


Message History

Robin throws the goblin at you!
* * * LOW HITPOINT WARNING * * *
You block the hobgoblin's attack. The goblin hits you with a dagger.
* * * LOW HITPOINT WARNING * * *
The goblin barely misses you.
You closely miss the hobgoblin. Robin hits you but does no damage.
The hobgoblin hits you.
* * * LOW HITPOINT WARNING * * *
The goblin hits you but does no damage. You block the goblin's attack.
It was a potion of degeneration.
There was something very wrong with that liquid.
You feel weakened.
You feel dopey.
You feel clumsy.
Robin roars a battlecry!
The hobgoblin goes into a battle-frenzy!
The hobgoblin hits you but does no damage.
The goblin hits you but does no damage. The goblin closely misses you.
It was a potion of agility.
You feel agile all of a sudden.
Robin hits you from afar with a trident.
You die...

.#.##.....†................
.#.##.†..####..######.#....
.#'##....# ##.# # #
.........# ###.# .......
..(......# #...## .......
.........# #....# .......
.........# #....##.......
.........# #...gg#.......
.........# #...#@#.......
.......(.# #...#g#.......
##+##....# #....(g# ....#
#.....†## ... #......(#
#.....#.# #?....#.#
#.....#.# .......'..


You could see Robin, a hobgoblin and 2 goblins.

Vanquished Creatures
  A worm (D:2)
  2 dart slugs
  2 leopard geckos (D:1)
  2 ball pythons (D:1)
  2 bats (D:1)
  2 giant cockroaches (D:1)
  9 goblins
  4 hobgoblins
  4 frilled lizards
  3 kobolds (D:1)
  5 rats
36 creatures vanquished.

Notes
Turn   | Place    | Note
-------+----------+-------------------------------------------
     0 | D:1      | brik the Formicid Fighter began the quest for the Orb.
     0 | D:1      | Reached XP level 1. HP: 18/18 MP: 1/1
    89 | D:1      | Reached skill level 4 in Shields
    89 | D:1      | Reached XP level 2. HP: 11/24 MP: 2/2
   407 | D:1      | Reached XP level 3. HP: 29/29 MP: 3/3
   773 | D:2      | Noticed Robin
   799 | D:2      | HP: 1/29 [hobgoblin[Robin] (3)]
   801 | D:2      | Slain by Robin

Skill      XL: |  1  2  3 |
---------------+----------+-----
Shields        | 4 |  4.7
Long Blades    | 3 |  3.1
Fighting       | |  3.2
Armour         | |  3.2

Action                   || total
-------------------------++-------
Melee: Long sword        ||   107
  Use: Potion            ||     2
Armor: Scale mail        ||    51
Dodge: Dodged            ||    49
Block: Shield            ||    56
       Rpst.: Long sword ||    15
